[Event "Late-Titled-Tuesday-Blitz-February-27-2024"]
[Site "Chess.com"]
[Date "2024.02.27"]
[Round "3"]
[White "campochess"]
[Black "venturov"]
[Result "0-1"]
[WhiteElo "2191"]
[BlackElo "2429"]
[TimeControl "180+1"]
[EndTime "14:25:41 PST"]
[Termination "venturov won by resignation"]

1. e4 Nf6 2. Nc3 d5 3. exd5 Nxd5 4. Bc4 e6 5. Qf3 Nb4 6. Bb3 N8c6 7. Nge2 Na5 8. Ne4 Nxb3 9. Qxb3 Qd5 10. N2c3 Qxb3 11. cxb3 Nc2+ 12. Kd1 Nxa1 13. d4 Bd6 14. Nxd6+ cxd6 15. Bf4 e5 16. dxe5 dxe5 17. Bxe5 Bf5 18. Re1 O-O-O+ 19. Kc1 Nc2 20. Re2 Nd4 21. Re3 f6 22. Bg3 Rhe8 0-1

[Event "Late-Titled-Tuesday-Blitz-February-27-2024"]
[Site "Chess.com"]
[Date "2024.02.27"]
[Round "3"]
[White "waltereador"]
[Black "nicolasbatista3"]
[Result "1-0"]
[WhiteElo "2294"]
[BlackElo "2416"]
[TimeControl "180+1"]
[EndTime "14:25:43 PST"]
[Termination "waltereador won by resignation"]

1. e4 c6 2. d4 d5 3. exd5 cxd5 4. Bd3 Nc6 5. c3 Nf6 6. Bf4 g6 7. Nf3 Bg7 8. h3 O-O 9. O-O Bf5 10. Re1 Rc8 11. Bf1 Qb6 12. b3 Ne4 13. Nfd2 Nxd4 14. Nxe4 dxe4 15. cxd4 Bxd4 16. Be3 Bxe3 17. fxe3 Rfd8 18.
Qe2 Bd7 19. Nd2 a6 20. Rac1 Bb5 21. Nc4 Bxc4 22. Rxc4 Rxc4 23. Qxc4 Qa5 24. Re2 Qf5 25. Qc2 e6 26. Rf2 Qe5 27. Rf4 Qa1 28. Qxe4 Qxa2 29. b4 Rd2 30. Qxb7 e5 31. Rf3 Rd6 32. Qb8+ Rd8 33. Qxd8+ 1-0

[Event "Late-Titled-Tuesday-Blitz-February-27-2024"]
[Site "Chess.com"]
[Date "2024.02.27"]
[Round "3"]
[White "joksijoksi"]
[Black "1977Ivan"]
[Result "0-1"]
[WhiteElo "2485"]
[BlackElo "2739"]
[TimeControl "180+1"]
[EndTime "14:25:45 PST"]
[Termination "1977Ivan won by resignation"]

1. e4 e5 2. d4 exd4 3. Qxd4 Nc6 4. Qc4 Nf6 5. Nc3 Bb4 6. Ne2 d6 7. a3 Ba5 8. Bg5 h6 9. Bh4 Be6 10. Bxf6 Qxf6 11. Qb5 O-O 12. f3 Bb6 13. O-O-O a6 14.
Qh5 Ne5 15. Ng3 Be3+ 16. Kb1 g6 0-1

[Event "Late-Titled-Tuesday-Blitz-February-27-2024"]
[Site "Chess.com"]
[Date "2024.02.27"]
[Round "3"]
[White "ClauSanLuis"]
[Black "ACollins05"]
[Result "0-1"]
[WhiteElo "2349"]
[BlackElo "2581"]
[TimeControl "180+1"]
[EndTime "14:25:45 PST"]
[Termination "ACollins05 won by resignation"]

1. d4 d5 2. Bg5 h6 3. Bh4 c5 4. Nc3 Qa5 5. Nf3 Nc6 6. dxc5 e6 7. a3 Qxc5 8. e4 d4 9. Nb5 Qb6 10. Nfxd4 Nxd4 11. Qxd4 Qxd4 12. Nxd4 a6 13. O-O-O Be7 14. Bg3 Nf6 15. f3 O-O 16. Bc4 b5 17. Bb3 Bb7 18. Rd3 Rac8 19. Rhd1 Nh5 20. Bf2 Nf4 21. Nf5 Nxd3+ 22. Rxd3 exf5 23. exf5 Rfd8 0-1

[Event "Late-Titled-Tuesday-Blitz-February-27-2024"]
[Site "Chess.com"]
[Date "2024.02.27"]
[Round "3"]
[White "picturesquecheck"]
[Black "igorknyazev"]
[Result "1-0"]
[WhiteElo "2425"]
[BlackElo "2198"]
[TimeControl "180+1"]
[EndTime "14:25:52 PST"]
[Termination "picturesquecheck won by resignation"]

1. e4 e5 2. Nf3 Nf6 3. Nxe5 Nxe4 4. Qe2 Qe7 5. Qxe4 d6 6. d4 dxe5 7. dxe5 Nc6 8. Nc3 Qxe5 9. Qxe5+ Nxe5 10. Bf4 Bd6 11. Bg3 O-O 12. O-O-O Bg4 13. f3 Nxf3 14. gxf3 Bxf3 15. Bxd6 cxd6 16. Bc4 Rac8 17. Bd5 Bxd1 18. Rxd1 b6 19. Ne4 Rcd8 20. c4 g6 21. Rf1 Kg7 22.
Nf6 Rc8 23. b3 Rc7 24. Kb2 h5 25. h4 Kh6 26. a4 g5 27. hxg5+ Kg6 28. Ne4 Re7 29.
Rf6+ Kg7 30. Nxd6 h4 31. Nf5+ 1-0

[Event "Late-Titled-Tuesday-Blitz-February-27-2024"]
[Site "Chess.com"]
[Date "2024.02.27"]
[Round "3"]
[White "Escudito"]
[Black "PawnEatingZombie"]
[Result "1-0"]
[WhiteElo "2411"]
[BlackElo "2181"]
[TimeControl "180+1"]
[EndTime "14:25:52 PST"]
[Termination "Escudito won by resignation"]

1. d4 Nf6 2. c4 g6 3. Nc3 Bg7 4. e4 d6 5. Nf3 O-O 6. Be2 e5 7. Be3 exd4 8. Nxd4 Re8 9. f3 c6 10. Bf2 d5 11. exd5 cxd5 12. c5 Nc6 13. Ndb5 Re7 14.
O-O a6 15. Nd6 Ne8 16. Nxd5 Rd7 17. Nb6 Rxd6 18. cxd6 1-0

[Event "Late-Titled-Tuesday-Blitz-February-27-2024"]
[Site "Chess.com"]
[Date "2024.02.27"]
[Round "3"]
[White "robertoalejandro10"]
[Black "giomar27"]
[Result "1-0"]
[WhiteElo "2604"]
[BlackElo "2410"]
[TimeControl "180+1"]
[EndTime "14:25:59 PST"]
[Termination "robertoalejandro10 won by resignation"]

1. Nf3 g6 2. c4 Bg7 3. g3 d6 4. Bg2 Bd7 5. Nc3 Qc8 6. O-O Bh3 7. b3 Nc6 8. Bb2 h5 9. Qc1 Nh6 10. Nd5 O-O 11. Bxg7 Kxg7 12. Qc3+ e5 13. d4 Bxg2 14. Kxg2 e4 15. Nd2 f5 16. e3 h4 17. Nf4 hxg3 18.
hxg3 Qd7 19. d5+ Ne5 20. Ne6+ Kf7 21. Nxf8 Rxf8 22. Rh1 Kg7 23. Rh4 Ng4 24. Rah1 Nf6 25.
Nb1 g5 26. Rh6 Neg4 27. Rh7+ 1-0

[Event "Late-Titled-Tuesday-Blitz-February-27-2024"]
[Site "Chess.com"]
[Date "2024.02.27"]
[Round "3"]
[White "hansen"]
[Black "ozates"]
[Result "1-0"]
[WhiteElo "2915"]
[BlackElo "2615"]
[TimeControl "180+1"]
[EndTime "14:26:06 PST"]
[Termination "hansen won by resignation"]

1. e4 e5 2. Nf3 Nc6 3. Nc3 Nf6 4. g3 g6 5. Bg2 Bg7 6. O-O O-O 7. h3 h6 8. d3 d6 9. Be3 Be6 10. d4 exd4 11. Nxd4 Nxd4 12. Bxd4 c5 13. Be3 Rb8 14. a4 Re8 15. Qd2 Kh7 16. Rfd1 Bf8 17. Bf4 Qa5 18. Bxd6 Bxd6 19. Qxd6 Rbd8 20. Qf4 Nh5 21. Qe3 Qb4 22. b3 Rd4 23. Nb5 Rxd1+ 24. Rxd1 a6 25. Nc7 Re7 26.
Nxe6 Rxe6 27. Rd7 Kg7 28. e5 b5 29. Bd5 1-0

[Event "Late-Titled-Tuesday-Blitz-February-27-2024"]
[Site "Chess.com"]
[Date "2024.02.27"]
[Round "3"]
[White "Carlitus2004"]
[Black "PNEPaul"]
[Result "1-0"]
[WhiteElo "2386"]
[BlackElo "2044"]
[TimeControl "180+1"]
[EndTime "14:26:07 PST"]
[Termination "Carlitus2004 won by resignation"]

1. Nf3 a6 2. g3 d6 3. Bg2 g6 4.
O-O Bg7 5. d4 h6 6. c4 Nd7 7.
Nc3 e6 8. e4 Ne7 9. Bf4 O-O 10.
Qd2 Kh7 11. Rfe1 e5 12. Be3 f5 13. dxe5 dxe5 14. exf5 Nxf5 15. Rad1 Nxe3 16. Qxe3 c6 17. Ne4 Qb6 18. Rxd7 Qxe3 19. Rxg7+ Kxg7 20. Rxe3 Be6 21. Nxe5 Rad8 22. Re1 Bf5 23. g4 Bxe4 24. Bxe4 Rd2 25. Nd3 Rf4 26. h3 Rxe4 27. Rxe4 Rxd3 28. Re7+ Kf6 29.
Rxb7 Rxh3 30. Rb6 Kg5 31. Rxc6 Rh4 32. Rxa6 Rxg4+ 33. Kh2 Rxc4 34. a4 Rc2 35. Rb6 Rxf2+ 36. Kg3 Rc2 37. a5 Rc5 38. a6 Ra5 39. b4 Ra3+ 40. Kg2 h5 41. Rb5+ Kg4 42. Ra5 Rb3 43. a7 Rb2+ 44. Kf1 Kf3 45. a8=Q+ 1-0

[Event "Late-Titled-Tuesday-Blitz-February-27-2024"]
[Site "Chess.com"]
[Date "2024.02.27"]
[Round "3"]
[White "DuleMudule"]
[Black "zajka-molotok"]
[Result "1-0"]
[WhiteElo "2857"]
[BlackElo "2507"]
[TimeControl "180+1"]
[EndTime "14:26:08 PST"]
[Termination "DuleMudule won by resignation"]

1. d4 d5 2. Bg5 f6 3. Bh4 Nh6 4. e3 Nf5 5. Bd3 Nxh4 6. Qh5+ g6 7. Qxh4 Bg7 8. c4 c6 9. Nc3 O-O 10. Nge2 e5 11. cxd5 cxd5 12. dxe5 fxe5 13. Qxd8 Rxd8 14. O-O-O Be6 15. Be4 Nc6 16. Bxd5 Kf7 17. Bxe6+ Kxe6 18. Ng3 Rac8 19. Nge4 Nb4 20. Rxd8 Rxd8 21. a3 Nd3+ 22.
Kc2 Bf6 23. Rd1 1-0

[Event "Late-Titled-Tuesday-Blitz-February-27-2024"]
[Site "Chess.com"]
[Date "2024.02.27"]
[Round "3"]
[White "jefferyx"]
[Black "Ali_rastbod"]
[Result "1-0"]
[WhiteElo "3077"]
[BlackElo "2711"]
[TimeControl "180+1"]
[EndTime "14:26:13 PST"]
[Termination "jefferyx won by resignation"]

1. e4 e6 2. d4 d5 3. exd5 exd5 4. Nf3 Bd6 5. c4 Nf6 6. c5 Be7 7. Qa4+ c6 8. Bd3 O-O 9. O-O Re8 10. b4 Ne4 11. Qc2 f5 12. Bf4 Nd7 13. Nbd2 g5 14.
Bg3 Bf6 15. h3 h5 16. Rae1 g4 17. hxg4 hxg4 18. Ne5 Nxe5 19. Bxe5 Rxe5 20. dxe5 Bxe5 21. Nxe4 fxe4 22. Bxe4 dxe4 23. Qxe4 Bf6 24. Qg6+ Kf8 25. Re4 1-0

[Event "Late-Titled-Tuesday-Blitz-February-27-2024"]
[Site "Chess.com"]
[Date "2024.02.27"]
[Round "3"]
[White "vladoboch"]
[Black "Grischuk"]
[Result "0-1"]
[WhiteElo "2434"]
[BlackElo "3039"]
[TimeControl "180+1"]
[EndTime "14:26:13 PST"]
[Termination "Grischuk won by resignation"]

1. e4 c5 2. Nf3 d6 3. d4 cxd4 4. Nxd4 Nf6 5. Nc3 a6 6. Be3 e6 7. g4 h6 8. Rg1 b5 9. Bd3 b4 10. Nce2 Bb7 11. f3 Nbd7 12. Ng3 d5 13. Qe2 dxe4 14. fxe4 Bc5 15. O-O-O Qb6 16. Bc4 Ne5 17. h3 O-O-O 18. c3 bxc3 0-1

[Event "Late-Titled-Tuesday-Blitz-February-27-2024"]
[Site "Chess.com"]
[Date "2024.02.27"]
[Round "3"]
[White "jamengrand"]
[Black "lluiss"]
[Result "1-0"]
[WhiteElo "2398"]
[BlackElo "2141"]
[TimeControl "180+1"]
[EndTime "14:26:14 PST"]
[Termination "jamengrand won by resignation"]

1. e4 e6 2. d4 d5 3. e5 c5 4. c3 Ne7 5. Nf3 Nec6 6. Bd3 Be7 7. a3 c4 8. Bc2 b5 9. h4 a5 10. Ng5 g6 11. Qf3 O-O 12. Nxh7 Kxh7 13. h5 Kg8 14. hxg6 fxg6 15. Qh3 Bh4 16. g3 Bd7 17. Qg4 g5 18. Rxh4 1-0

[Event "Late-Titled-Tuesday-Blitz-February-27-2024"]
[Site "Chess.com"]
[Date "2024.02.27"]
[Round "3"]
[White "Truequitos"]
[Black "Jenia84"]
[Result "1-0"]
[WhiteElo "2568"]
[BlackElo "2315"]
[TimeControl "180+1"]
[EndTime "14:26:21 PST"]
[Termination "Truequitos won by resignation"]

1. e4 c5 2. Nc3 g6 3. d3 Bg7 4.
Be3 b6 5. g3 Bb7 6. Bg2 Nc6 7.
Qd2 e6 8. Nge2 Nd4 9. Bxd4 cxd4 10. Nb5 d5 11. Qb4 a5 12. Nd6+ Ke7 13. Nf5+ Kf6 14. e5+ Kxe5 15. Qxd4+ 1-0

[Event "Late-Titled-Tuesday-Blitz-February-27-2024"]
[Site "Chess.com"]
[Date "2024.02.27"]
[Round "3"]
[White "CrushingKings"]
[Black "SergioMoralesG"]
[Result "1-0"]
[WhiteElo "2626"]
[BlackElo "2521"]
[TimeControl "180+1"]
[EndTime "14:26:22 PST"]
[Termination "CrushingKings won by resignation"]

1. Nf3 c5 2. g3 Nc6 3. d4 cxd4 4. Nxd4 g6 5. Bg2 Bg7 6. Nb3 d6 7. O-O h5 8. h4 Nh6 9. c4 Qc7 10. Nc3 O-O 11. Nd5 Qd8 12. c5 e6 13. Bg5 f6 14. Nxf6+ Rxf6 15. cxd6 Nf7 16. Bxf6 Bxf6 17. Qc2 Kg7 18. Rfd1 Nxd6 19. Bxc6 bxc6 20. Qxc6 Bb7 21.
Qxd6 Bd5 22. Qxd8 Bxd8 23. Rac1 Kf6 24. Nc5 Be7 25. e4 Bxa2 26. Nd7+ Kg7 27. Rc7 Bd8 28. Rb7 1-0

[Event "Late-Titled-Tuesday-Blitz-February-27-2024"]
[Site "Chess.com"]
[Date "2024.02.27"]
[Round "3"]
[White "GmSergioBarrientos"]
[Black "Pelusiansky"]
[Result "1-0"]
[WhiteElo "2723"]
[BlackElo "2542"]
[TimeControl "180+1"]
[EndTime "14:26:25 PST"]
[Termination "GmSergioBarrientos won by resignation"]

1. e4 c6 2. d4 d5 3. Nd2 dxe4 4. Nxe4 Nf6 5. Ng3 h5 6. h3 h4 7. N3e2 Bf5 8. Nf3 c5 9. c3 e6 10. Be3 Be4 11. dxc5 Bxf3 12. gxf3 Qxd1+ 13. Rxd1 Nd5 14. Bd4 a5 15. f4 Nd7 16. Bg2 Rc8 17. Bxd5 exd5 18.
b4 Rh6 19. Rg1 axb4 20. cxb4 Rg6 21. Rxg6 fxg6 22. Kd2 Kf7 23. Nc3 Nf6 24. f3 Nh5 25.
Be5 d4 26. Nb5 Ra8 27. a3 Be7 28. Kd3 Bf6 29. Kxd4 Nxf4 30. Nd6+ Ke6 31. Bxf6 gxf6 32. Nxb7 Rxa3 33. c6 Ne2+ 34. Kc5 Rc3+ 35. Kb6 Nf4 36. Nc5+ 1-0

[Event "Late-Titled-Tuesday-Blitz-February-27-2024"]
[Site "Chess.com"]
[Date "2024.02.27"]
[Round "3"]
[White "TigrVShlyape"]
[Black "WilsonPalencia21"]
[Result "1-0"]
[WhiteElo "2908"]
[BlackElo "2587"]
[TimeControl "180+1"]
[EndTime "14:26:26 PST"]
[Termination "TigrVShlyape won by resignation"]

1. d4 d5 2. Bf4 Nf6 3. e3 c5 4. c3 Qb6 5. Qb3 Nc6 6. Nd2 c4 7. Qc2 Nh5 8. Bg3 g6 9. e4 e6 10. Be2 Nxg3 11. hxg3 Bg7 12. Bf3 Ne7 13. Ne2 Bd7 14. Nf4 Bc6 15. exd5 exd5 16. O-O O-O 17. Rfe1 Rfe8 18. Nf1 Qd8 19. Re2 Qd7 20. Rae1 Bh6 21.
Ne3 Bxf4 22. gxf4 Rad8 23. Ng4 Qd6 24. Qd2 Nf5 25. Re5 f6 26. Bxd5+ Kg7 27. Rxe8 Bxe8 28.
Bxc4 Bc6 29. Re6 Qc7 30. Rxf6 h5 31. Rf7+ Qxf7 32. Bxf7 hxg4 33. Be6 Bd5 34. Bxd5 Rxd5 35. Qe2 g3 36. fxg3 Nxg3 37. Qe7+ Kh8 38. Qf8+ Kh7 39.
Qf7+ 1-0

[Event "Late-Titled-Tuesday-Blitz-February-27-2024"]
[Site "Chess.com"]
[Date "2024.02.27"]
[Round "3"]
[White "sergiochess83"]
[Black "JulbeNn"]
[Result "0-1"]
[WhiteElo "2892"]
[BlackElo "2538"]
[TimeControl "180+1"]
[EndTime "14:26:26 PST"]
[Termination "JulbeNn won by resignation"]

1. e4 c5 2. Nf3 Nc6 3. d4 cxd4 4. Nxd4 Nf6 5. Nc3 e5 6. Ndb5 d6 7. Bg5 a6 8. Na3 b5 9. Bxf6 gxf6 10. Nd5 f5 11. c3 Be6 12. Nc2 Bg7 13. exf5 Bxf5 14. Nce3 Be6 15. Bd3 O-O 16. g4 Ne7 17. Be4 Nxd5 18.
Bxd5 Rc8 19. Qd3 Rc5 20. O-O-O b4 21. c4 Qf6 22. Kb1 e4 23. Qe2 b3 24. a3 Ra5 25.
g5 Qe5 26. Ng4 Bxg4 0-1

[Event "Late-Titled-Tuesday-Blitz-February-27-2024"]
[Site "Chess.com"]
[Date "2024.02.27"]
[Round "3"]
[White "EvilMorty23"]
[Black "js20000"]
[Result "0-1"]
[WhiteElo "2551"]
[BlackElo "2834"]
[TimeControl "180+1"]
[EndTime "14:26:28 PST"]
[Termination "js20000 won by resignation"]

1. e4 e6 2. d4 d5 3. Nd2 Nf6 4. e5 Nfd7 5. f4 c5 6. c3 Nc6 7. Ndf3 Rb8 8. h4 b5 9. a3 a5 10.
Bd3 h6 11. Ne2 c4 12. Bb1 b4 13. axb4 axb4 14. O-O g6 15. h5 Ne7 16. Ng3 Nf5 17.
Qe1 b3 18. Nh2 Be7 19. Nh1 gxh5 20. Qe2 h4 21. Bxf5 exf5 22. Nf2 Nf8 23. Nd1 Be6 24. Ne3 Ra8 25. Bd2 Ng6 26. Rxa8 Qxa8 27. Qh5 Qc8 28. Nf3 Nxf4 0-1

[Event "Late-Titled-Tuesday-Blitz-February-27-2024"]
[Site "Chess.com"]
[Date "2024.02.27"]
[Round "3"]
[White "Balla_Tamas"]
[Black "Russian_berezka"]
[Result "1-0"]
[WhiteElo "2422"]
[BlackElo "2583"]
[TimeControl "180+1"]
[EndTime "14:26:38 PST"]
[Termination "Balla_Tamas won by resignation"]

1. e4 g6 2. d4 Bg7 3. Nc3 d5 4.
exd5 Nf6 5. Nf3 O-O 6. Bc4 Nbd7 7. O-O Nb6 8. Bb3 a5 9. a3 a4 10. Ba2 Nfxd5 11. Nxd5 Nxd5 12. Re1 Bg4 13. h3 Bxf3 14. Qxf3 c6 15. Bg5 h6 16. Bh4 Nf6 17. Rad1 Qd7 18. c4 Rac8 19. d5 cxd5 20. cxd5 Rc2 21. d6 Qc6 22.
dxe7 Re8 23. Qxc6 Rxc6 24. Bxf6 Bxf6 25. Rd8 Rxd8 26. exd8=Q+ Bxd8 27. Re8+ Kg7 28. Rxd8 Rc1+ 29. Kh2 Rc2 30. Rd7 Rxb2 31. Rxf7+ Kg8 32. Bd5 b5 33. Rb7+ Kf8 34. Bc6 Rxf2 35. Rxb5 Ra2 36. Rb4 Rxa3 37. Rxa4 Kg7 38. Rxa3 1-0

[Event "Late-Titled-Tuesday-Blitz-February-27-2024"]
[Site "Chess.com"]
[Date "2024.02.27"]
[Round "3"]
[White "gxbg2000"]
[Black "OverallStranger"]
[Result "0-1"]
[WhiteElo "1929"]
[BlackElo "2376"]
[TimeControl "180+1"]
[EndTime "14:26:42 PST"]
[Termination "OverallStranger won by resignation"]

1. e4 c5 2. f4 d5 3. exd5 Nf6 4. Nf3 Nxd5 5. d3 Nc6 6. Be2 g6 7. O-O Bg7 8. c3 O-O 9. Na3 a6 10. Nc4 b5 11. Nce5 Nxe5 12. fxe5 Bb7 13. d4 e6 14. Bg5 Qb6 15. Kh1 h6 16. Bh4 Ne3 17. Qd3 Nxf1 18. Rxf1 cxd4 19. cxd4 Bd5 20. Be7 Rfc8 21. Bc5 Qd8 22.
b4 Bc4 23. Qe3 Bxa2 24. Nd2 Qg5 25. Qc3 Bd5 26. Nf3 Qd8 27. Qe3 Kh7 28. Qf4 Rc7 29.
Nd2 Rd7 30. Ne4 Bxe4 31. Qxe4 a5 32. Bxb5 Rd5 33. Bc6 axb4 34. Bxa8 Qxa8 35. Bxb4 Qa4 36. Bc5 Rxc5 37. h4 Rd5 38. h5 Qxd4 39. hxg6+ fxg6 40.
Qf3 Rxe5 0-1

[Event "Late-Titled-Tuesday-Blitz-February-27-2024"]
[Site "Chess.com"]
[Date "2024.02.27"]
[Round "3"]
[White "lagedema"]
[Black "esteban062000"]
[Result "1-0"]
[WhiteElo "2414"]
[BlackElo "2143"]
[TimeControl "180+1"]
[EndTime "14:26:43 PST"]
[Termination "lagedema won by resignation"]

1. e4 c5 2. Nf3 Nc6 3. Bb5 g6 4. Bxc6 bxc6 5. O-O Bg7 6. Re1 Nf6 7. d3 O-O 8. Bd2 Rb8 9. Bc3 d5 10. e5 Ne8 11. b3 Nc7 12. Ba5 Qd7 13. Nc3 Ne6 14. Na4 Rb5 15. Bd2 Ba6 16. c4 Rbb8 17.
Be3 d4 18. Bc1 Qc7 19. Ba3 Qa5 20. Qd2 Qc7 21. Nxc5 Nxc5 22. Bxc5 Rfd8 23. Re4 Bc8 24. Rae1 Bf5 25. Rxd4 Rxd4 26. Nxd4 Bxe5 27. Nxf5 Bxh2+ 28. Kh1 gxf5 29. Qg5+ Kh8 30. Bxe7 Be5 31. Rxe5 1-0

[Event "Late-Titled-Tuesday-Blitz-February-27-2024"]
[Site "Chess.com"]
[Date "2024.02.27"]
[Round "3"]
[White "becemix"]
[Black "jinxy2009"]
[Result "1-0"]
[WhiteElo "2410"]
[BlackElo "2160"]
[TimeControl "180+1"]
[EndTime "14:26:46 PST"]
[Termination "becemix won by checkmate"]

1. e4 c5 2. d4 cxd4 3. c3 Nf6 4. e5 Nd5 5. cxd4 Nc6 6. Nc3 Nxc3 7. bxc3 d6 8. f4 d5 9. Bd3 Bd7 10. Ne2 Rc8 11. O-O Bg4 12. f5 Qa5 13. e6 f6 14. Qb3 Kd8 15. Nf4 g6 16. Nxd5 gxf5 17. Bxf5 Bxf5 18. Rxf5 Qa6 19. Ba3 Qd3 20. Raf1 Nxd4 21.
Qxb7 Ne2+ 22. Kh1 Nf4 23. Qd7# 1-0

[Event "Late-Titled-Tuesday-Blitz-February-27-2024"]
[Site "Chess.com"]
[Date "2024.02.27"]
[Round "3"]
[White "SantoBlue"]
[Black "NateSolon"]
[Result "1-0"]
[WhiteElo "2981"]
[BlackElo "2688"]
[TimeControl "180+1"]
[EndTime "14:26:47 PST"]
[Termination "SantoBlue won by resignation"]

1. e4 c5 2. Nf3 Nf6 3. e5 Nd5 4. Nc3 e6 5. Ne4 f5 6. Nc3 Nb4 7. d4 cxd4 8. Nxd4 N8c6 9. Nf3 Be7 10. a3 Na6 11. Nb5 O-O 12. Be2 Nc5 13. O-O b6 14. Nd6 Bxd6 15. Qxd6 Ne4 16. Qd1 Bb7 17. h4 Qc7 18. Bf4 Rac8 19. Bd3 Ne7 20. Re1 Nc5 21. Bf1 Nd5 22. Bh2 f4 23. c4 Ne7 24. b4 Ne4 25.
Bd3 d5 26. exd6 Nxd6 27. Ng5 h6 28. Nxe6 Qc6 29. Qg4 Rf7 30. b5 Qd7 31. Rad1 Kh8 32. Bxf4 Qe8 33. Bxd6 1-0

[Event "Late-Titled-Tuesday-Blitz-February-27-2024"]
[Site "Chess.com"]
[Date "2024.02.27"]
[Round "3"]
[White "Firouzja2003"]
[Black "dawid498"]
[Result "1-0"]
[WhiteElo "3066"]
[BlackElo "2709"]
[TimeControl "180+1"]
[EndTime "14:26:55 PST"]
[Termination "Firouzja2003 won by checkmate"]

1. d4 Nf6 2. Bg5 e6 3. e3 Be7 4. Nd2 O-O 5. Bd3 d6 6. Ngf3 Nbd7 7. e4 e5 8. c3 c6 9. O-O h6 10. Bh4 Nh5 11. Bg3 Nxg3 12. hxg3 Bf6 13. Re1 Re8 14.
Nc4 Qc7 15. a4 d5 16. exd5 cxd5 17. Ncxe5 Nxe5 18. dxe5 Bxe5 19. Bb5 Re7 20. Qxd5 Bf6 21. Rxe7 Bxe7 22. Re1 Be6 23. Rxe6 fxe6 24. Qxe6+ Kh8 25.
Ne5 Bf6 26. Nf7+ Kg8 27. Nd8+ Kf8 28. Qe8# 1-0

[Event "Late-Titled-Tuesday-Blitz-February-27-2024"]
[Site "Chess.com"]
[Date "2024.02.27"]
[Round "3"]
[White "Sokoloco"]
[Black "Vasily85"]
[Result "1-0"]
[WhiteElo "2794"]
[BlackElo "2497"]
[TimeControl "180+1"]
[EndTime "14:26:55 PST"]
[Termination "Sokoloco won on time"]

1. b3 d5 2. Nf3 c5 3. e3 a6 4. Bb2 Nc6 5. d4 Nf6 6. Nbd2 Bg4 7. Be2 e6 8. O-O Bd6 9. Ne5 Bxe2 10. Qxe2 O-O 11. f4 Rc8 12. c3 b5 13. a4 cxd4 14. exd4 Qb6 15. axb5 axb5 16. b4 Ra8 17. g4 Qb7 18. g5 Nd7 19. Nb3 Rxa1 20. Rxa1 Bxe5 21. fxe5 1-0

[Event "Late-Titled-Tuesday-Blitz-February-27-2024"]
[Site "Chess.com"]
[Date "2024.02.27"]
[Round "3"]
[White "Caisachess"]
[Black "subham777"]
[Result "1-0"]
[WhiteElo "2358"]
[BlackElo "2533"]
[TimeControl "180+1"]
[EndTime "14:26:56 PST"]
[Termination "Caisachess won by resignation"]

1. e4 e6 2. d4 d5 3. Bd3 c5 4. exd5 Qxd5 5. Nc3 Qxd4 6. Nb5 Qd8 7. Bf4 Na6 8. Qf3 Nf6 9. O-O-O Bd7 10. Qxb7 Qc8 11. Qxa6 c4 12. Bxc4 Qc5 13. Nc7+ Kd8 14. Nxa8 Qxf2 15.
Ne2 Bc5 16. Qa5+ Ke7 17. Nc7 Bb6 18. Qa3+ Bc5 19. Bd6+ Bxd6 20. Qxd6+ Kd8 21. Bb5 Qb6 22. Qxb6 axb6 23. Bxd7 Kxc7 24. Bb5 Ra8 25. a4 Nd5 26. Nc3 Ne3 27. Rd7+ Kc8 28. Rxf7 1-0

[Event "Late-Titled-Tuesday-Blitz-February-27-2024"]
[Site "Chess.com"]
[Date "2024.02.27"]
[Round "3"]
[White "Njal28"]
[Black "IMRosen"]
[Result "1-0"]
[WhiteElo "3026"]
[BlackElo "2697"]
[TimeControl "180+1"]
[EndTime "14:26:58 PST"]
[Termination "Njal28 won by checkmate"]

1. d4 d5 2. Nf3 Nf6 3. c4 e6 4.
Nc3 Nbd7 5. g3 dxc4 6. Bg2 c6 7. O-O Be7 8. e4 e5 9. dxe5 Ng4 10. Bf4 Qa5 11. Qd4 Bd8 12. e6 Ndf6 13. exf7+ Kxf7 14.
e5 Bb6 15. Qxc4+ Nd5 16. Ng5+ Kg6 17. Qe4+ Bf5 18. Qxf5+ Kxf5 19. Be4# 1-0

[Event "Late-Titled-Tuesday-Blitz-February-27-2024"]
[Site "Chess.com"]
[Date "2024.02.27"]
[Round "3"]
[White "temus_galaktionov"]
[Black "NMJeevanK"]
[Result "1-0"]
[WhiteElo "2913"]
[BlackElo "2605"]
[TimeControl "180+1"]
[EndTime "14:27:03 PST"]
[Termination "temus_galaktionov won by resignation"]

1. d4 d6 2. Nf3 g6 3. c4 Bg7 4. Nc3 Nc6 5. d5 Ne5 6. Nxe5 Bxe5 7. f4 Bxc3+ 8. bxc3 Nf6 9. h3 c6 10. g4 cxd5 11. cxd5 Qa5 12. Bg2 Qxc3+ 13. Bd2 Qg3+ 14. Kf1 Bd7 15. Rb1 b6 16. Rb3 Qh4 17. Be1 Qh6 18. g5 Qg7 19. gxf6 Qxf6 20. Rf3 O-O 21. Bc3 Qh4 22. Qd4 f6 23. Qf2 Qh5 24. Rg3 Rac8 25. h4 Rc4 26. Bd2 Rc2 27. Bf3 Qh6 28. Be3 Rfc8 29.
f5 g5 30. Kg2 Bxf5 31. hxg5 Qf8 32. gxf6+ Bg6 33. Be4 Qxf6 34. Bxc2 Qxf2+ 35. Kxf2 Rxc2 36. a4 Kf7 37. Rh4 Ke8 38. Rd4 Kd7 39. Bg5 Bh5 40. Re3 1-0

[Event "Late-Titled-Tuesday-Blitz-February-27-2024"]
[Site "Chess.com"]
[Date "2024.02.27"]
[Round "3"]
[White "shirovin"]
[Black "maurovargas01"]
[Result "1-0"]
[WhiteElo "2070"]
[BlackElo "1847"]
[TimeControl "180+1"]
[EndTime "14:27:04 PST"]
[Termination "shirovin won on time"]

1. e4 c5 2. d4 cxd4 3. c3 dxc3 4. Nxc3 Nc6 5. Nf3 g6 6. Bc4 Bg7 7. O-O Nf6 8. Qe2 O-O 9. Bg5 d6 10. Rfd1 Bg4 11. h3 Bxf3 12. Qxf3 Ne5 13. Qe2 Nxc4 14. Qxc4 Rc8 15. Qe2 Qb6 16. Bxf6 Bxf6 17. Nd5 Qxb2 18.
Qf3 Qxa1 19. Rxa1 Bxa1 20. Nxe7+ Kh8 21. Nxc8 Rxc8 22. Qxf7 Be5 23. g3 Rc1+ 24. Kg2 1-0

[Event "Late-Titled-Tuesday-Blitz-February-27-2024"]
[Site "Chess.com"]
[Date "2024.02.27"]
[Round "3"]
[White "Nouali_Mohamed"]
[Black "Zampronha1971"]
[Result "1-0"]
[WhiteElo "2524"]
[BlackElo "2341"]
[TimeControl "180+1"]
[EndTime "14:27:05 PST"]
[Termination "Nouali_Mohamed won on time"]

1. e4 c5 2. Nf3 e6 3. d4 cxd4 4.
Nxd4 Nc6 5. Nc3 Qc7 6. Be3 a6 7. Qf3 Nf6 8. O-O-O b5 9. e5 Ng8 10. Nxc6 Qxc6 11. Qxc6 dxc6 12. Ne4 f5 13. Nd6+ Bxd6 14.
Rxd6 Ne7 15. Bc5 Bd7 16. Be2 Nc8 17. Rd4 Ne7 18. b3 Nd5 19. c4 bxc4 20. bxc4 Ne7 21. Rhd1 1-0

[Event "Late-Titled-Tuesday-Blitz-February-27-2024"]
[Site "Chess.com"]
[Date "2024.02.27"]
[Round "3"]
[White "VinzentSpitzl"]
[Black "AlexeiShirov"]
[Result "1-0"]
[WhiteElo "2524"]
[BlackElo "2845"]
[TimeControl "180+1"]
[EndTime "14:27:14 PST"]
[Termination "VinzentSpitzl won by resignation"]

1. e4 e5 2. Nf3 Nc6 3. Bb5 a6 4. Ba4 Nf6 5. O-O b5 6. Bb3 Bc5 7. c3 d6 8. a4 Rb8 9. d4 Bb6 10. a5 Ba7 11. Be3 Bg4 12. d5 Bxe3 13. fxe3 Ne7 14.
Nbd2 Ng6 15. Qe1 b4 16. c4 O-O 17. h3 Bxf3 18. gxf3 Nh5 19. Qf2 f5 20. exf5 Rxf5 21. Bc2 Rg5+ 22. Kh2 Ngf4 23. Rg1 Nxh3 24. Kxh3 Qd7+ 25.
Kh2 Nf4 26. Rg4 Rxg4 27. fxg4 b3 28. Bf5 Qe7 29. exf4 exf4 30. Re1 Qf6 31. Nf3 g6 32. Be6+ Kg7 33. g5 1-0